[Event "SWE-ch Juniors 2018"]
[Site "Ronneby"]
[Date "2018.07.05"]
[Round "6"]
[White "Pantzar, Milton"]
[Black "Kucuksari, Kaan"]
[Result "0-1"]
[ECO "A85"]
[WhiteElo "2333"]
[BlackElo "2296"]
[Annotator "NA"]
[PlyCount "80"]
[EventDate "2018.06.30"]
[EventType "tourn"]
[EventCountry "SWE"]
[SourceTitle "playchess.com"]
[Source "ChessBase"]
[SourceQuality "1"]
[TimeControl "40/5400+30:1800+30"]

1. c4 f5 2. d4 Nf6 3. Nc3 g6 4. Nf3 Bg7 {[%emt 0:00:00] LiveBook: 406 Games} 5. g3 O-O 6. Bg2 d6 7. O-O Qe8 8. b4 e5 {[%emt 0:04:06] A87: Dutch Defence: Leningrad System: 5 Nf3} 9. dxe5 dxe5 10. Qb3 (10. e4 $14) (10. Ba3 e4 11. Nd4 Rf7 12. Qb3 Nc6 13. Nxc6 Qxc6 14. b5 Qe8 15. f3 Be6 16. Rad1 {1-0 (31) Mamedyarov,S (2757)-Svidler,P (2758) Khanty-Mansiysk 2014 CBM 160 [Meulders,R]}) 10... e4 11. Nd4 c6 $146 ({Predecessor:} 11... Nc6 12. Nxc6 bxc6 13. Be3 Qf7 14. Rac1 Ng4 15. Bc5 Re8 16. Nd1 {1-0 (41) Kalavannan,K (2094)-Stanisz,P (2128) London 2016}) 12. Rd1 Be6 13. Nxe6 Qxe6 14. e3 Nbd7 15. Bb2 Ne5 16. Bf1 $15 Rfd8 17. c5 Qxb3 18. axb3 a6 19. Bc4+ Nxc4 20. bxc4 Ng4 21. Na4 Bxb2 22. Nxb2 Ne5 23. Rd6 Kf7 24. Rad1 Ke7 25. Kg2 b5 26. R1d4 Rxd6 27. cxd6+ Ke6 28. h3 Nxc4 29. Nxc4 bxc4 30. Rxc4 Kxd6 31. Rd4+ Kc7 32. f3 Rd8 33. Rc4 Rd2+ 34. Kf1 exf3 35. Rh4 h5 36. g4 hxg4 37. hxg4 g5 38. Rh7+ Kd6 39. gxf5 Ke5 40. Rf7 g4 0-1

[Event "SWE-ch Juniors 2018"]
[Site "Ronneby"]
[Date "2018.07.05"]
[Round "6"]
[White "Crevatin, Leo"]
[Black "Storme, Isak"]
[Result "1/2-1/2"]
[ECO "E06"]
[WhiteElo "2224"]
[BlackElo "2277"]
[Annotator "NA"]
[PlyCount "40"]
[EventDate "2018.06.30"]
[EventType "tourn"]
[EventCountry "SWE"]
[SourceTitle "playchess.com"]
[Source "ChessBase"]
[SourceQuality "1"]
[TimeControl "40/5400+30:1800+30"]

1. d4 Nf6 2. c4 e6 3. Nf3 d5 4. g3 Be7 5. Bg2 O-O 6. Nbd2 c5 7. cxd5 exd5 8. O-O Nc6 9. dxc5 {[%emt 0:00:51] LiveBook: 5 Games} Bxc5 10. Nb3 Bb6 11. Qd3 {[%emt 0:00:34] D30: Queen's Gambit Declined: Systems without Nc3} (11. Nbd4 Re8 12. b3 Bg4 13. Bb2 Ne4 14. Rc1 Rc8 15. Rc2 Qd6 16. a3 h5 17. b4 h4 18. Nxc6 Rxc6 19. Nd4 Rxc2 20. Qxc2 hxg3 21. hxg3 Nxg3 22. fxg3 Rxe2 {½-½ (29) Rakhmanov,A (2670)-Shimanov,A (2623) Sochi 2017}) 11... Re8 12. e3 $146 ({Predecessor:} 12. Bd2 Ne4 13. e3 Bf5 14. Nh4 Ne5 15. Qc2 Rc8 16. Bc3 Bg4 17. Nd4 Qd7 18. Rac1 Ba5 19. Nhf3 Nxf3+ 20. Nxf3 Nxc3 21. bxc3 Bxc3 22. Qe2 {½-½ (22) Kveinys,A (2541)-Frois,A (2360) Cappelle-la-Grande 2003}) 12... Bg4 13. Nbd4 Rc8 14. Bd2 Ne4 15. Rac1 Bxd4 16. exd4 Nxd2 17. Qxd2 Qf6 18. Ne5 $11 Nxe5 19. dxe5 Qxe5 20. Rxc8 Bxc8 1/2-1/2

[Event "SWE-ch Juniors 2018"]
[Site "Ronneby"]
[Date "2018.07.05"]
[Round "6"]
[White "Carlsson, Ludvig"]
[Black "Forsberg, Andre"]
[Result "1-0"]
[ECO "E15"]
[WhiteElo "2169"]
[BlackElo "2025"]
[Annotator "NA"]
[PlyCount "63"]
[EventDate "2018.06.30"]
[EventType "tourn"]
[EventCountry "SWE"]
[SourceTitle "playchess.com"]
[Source "ChessBase"]
[SourceQuality "1"]
[TimeControl "40/5400+30:1800+30"]

1. d4 Nf6 2. c4 e6 3. Nf3 b6 4. g3 Ba6 5. Qc2 {[%emt 0:00:25] LiveBook: 1499 Partien} c5 6. d5 {[%emt 0:00:17] E15: Queen's Indian: 4 g3 sidelines, 4 g3 Ba6 and 4 g3 Bb7 early deviations} exd5 7. cxd5 Bd6 (7... g6 8. Nc3 Bg7 9. e4 Bxf1 10. Kxf1 d6 11. Kg2 O-O 12. Bf4 a6 13. a4 Nh5 {1-0 (47) Esipenko,A (2564)-Ivanchuk,V (2726) Riadh 2017}) 8. Bg2 O-O 9. O-O Re8 10. Re1 Bf8 $146 ({Predecessor:} 10... Ne4 11. Nh4 Nf6 12. e4 Bb7 13. Nf3 Be5 14. Nxe5 Rxe5 {1-0 (31) Chemin,V (2133)-Bianeck,M (1664) Curitiba 2016}) 11. Nc3 d6 12. a3 Nbd7 13. b4 g6 14. e4 Bg7 15. b5 Bb7 16. Bb2 $14 Ng4 17. h3 Nh6 18. g4 Ne5 19. Nd2 Qh4 20. Nd1 f5 21. exf5 gxf5 22. Bxe5 Bxe5 23. Nf3 Qf6 24. g5 Bh2+ 25. Kxh2 Qxa1 26. Rxe8+ Rxe8 27. gxh6 Qf6 28. Ne3 Qxh6 29. Qxf5 Re7 30. Ng4 Qg7 31. Ng5 h5 32. Ne6 1-0

[Event "SWE-ch Juniors 2018"]
[Site "Ronneby"]
[Date "2018.07.05"]
[Round "6"]
[White "Sundin, Emanuel"]
[Black "Sorensen, Hampus"]
[Result "1/2-1/2"]
[ECO "D10"]
[WhiteElo "2152"]
[BlackElo "2204"]
[Annotator "NA"]
[PlyCount "48"]
[EventDate "2018.06.30"]
[EventType "tourn"]
[EventCountry "SWE"]
[SourceTitle "playchess.com"]
[Source "ChessBase"]
[SourceQuality "1"]
[TimeControl "40/5400+30:1800+30"]

1. d4 d5 2. c4 c6 3. cxd5 cxd5 4. Bg5 {[%emt 0:00:21] D10: Slav Defence: 3 cxd5 (without early Nf3) and 3 Nc3} (4. Bf4 Nf6 5. Nc3 Nc6 6. Nf3 a6 7. Rc1 Bf5 8. e3 Rc8 9. Be2 e6 10. O-O Nd7 11. Na4 Be7 12. h3 O-O 13. a3 Na5 14. Nc5 Nc4 15. b4 Nxc5 16. dxc5 Nxa3 {1-0 (44) So,W (2778)-Carlsen,M (2843) Stavanger 2018}) 4... h6 {[%emt 0:12:16] LiveBook: 44 Games} 5. Bh4 Nf6 6. Bxf6 gxf6 7. Nc3 e6 8. e3 Nc6 9. Bd3 Bd6 $146 ({Predecessor:} 9... Rg8 10. g3 Bd7 11. Nf3 Rc8 {½-½ (72) Girya,O (2484)-Nechaeva,M (2424) St Petersburg 2017}) 10. Nf3 f5 11. O-O Bd7 12. a3 Rc8 13. Rc1 a6 14. b4 a5 15. b5 Ne7 16. Qb3 b6 17. Ne2 Ng6 18. Kh1 Rxc1 19. Rxc1 Qe7 20. a4 O-O 21. g3 $14 Rc8 22. Rxc8+ Bxc8 23. Nf4 Qc7 24. Be2 Kf8 1/2-1/2

[Event "SWE-ch Juniors 2018"]
[Site "Ronneby"]
[Date "2018.07.05"]
[Round "6"]
[White "Berglind, Axel"]
[Black "Emmoth, Alfons"]
[Result "0-1"]
[ECO "A49"]
[WhiteElo "2096"]
[BlackElo "2176"]
[Annotator "NA"]
[PlyCount "128"]
[EventDate "2018.06.30"]
[EventType "tourn"]
[EventCountry "SWE"]
[SourceTitle "playchess.com"]
[Source "ChessBase"]
[SourceQuality "1"]
[TimeControl "40/5400+30:1800+30"]

1. d4 Nf6 2. Nf3 g6 3. g3 Bg7 4. Bg2 O-O 5. O-O {[%emt 0:00:04] LiveBook: 7780 Games} d6 6. b3 e5 7. dxe5 Nfd7 8. Bb2 dxe5 {[%emt 0:00:58] A49: Königsindisch (ohne c2-c4)} 9. Na3 $146 (9. e4 $11) ({Vorgänger:} 9. Nfd2 Nc6 10. Nc4 Re8 11. Nc3 Qe7 12. Nd5 Qd8 13. Nc3 Nb6 14. Qxd8 Nxd8 15. Na5 c6 16. Ne4 {0-1 (30) Roiz,M (2600)-Onischuk,V (2612) Berlin 2015}) 9... e4 10. Bxg7 exf3 11. Bxf8 fxg2 12. Kxg2 Qxf8 13. Nb5 Qc5 14. c4 a6 15. Nc3 Nc6 16. Nd5 Ne7 17. Ne3 Nf6 18. Qc2 {[%emt 0:03:13] [#]} Bd7 (18... Nf5 $1 $19 19. Nxf5 Bxf5) 19. Qb2 Ne4 20. b4 Qg5 $15 21. Qd4 Bc6 22. f3 Qf6 23. Qxf6 Nxf6 24. a4 Re8 25. b5 Bd7 26. Nc2 Be6 27. Nd4 Nf5 28. Nxf5 gxf5 29. Rfc1 Rd8 30. Rd1 Rxd1 31. Rxd1 Bxc4 32. bxa6 Bxa6 33. Kf2 c6 34. h3 h5 35. Rd4 Kg7 36. Rf4 Kg6 37. e4 fxe4 38. fxe4 Nd7 39. g4 hxg4 40. Rxg4+ Kh5 41. Ke3 Ne5 42. Rg8 c5 43. Rd8 Kg6 44. Rd5 Nc4+ 45. Kf4 Nb2 46. a5 c4 47. Rg5+ Kh6 48. Rg2 c3 49. Rc2 Na4 50. Ke3 Bc4 51. Rf2 Bb3 52. Rf6+ Kg7 53. a6 bxa6 54. Rxa6 Nb2 55. Ra1 Bd1 56. Ra6 Nc4+ 57. Kd3 c2 58. Ra1 Na5 59. Kc3 Kf6 60. Kb2 Nc4+ 61. Kc1 Ne5 62. Kd2 Nf3+ 63. Ke3 Ng1 64. h4 Ne2 {[%emt 0:00:17] Kd4 Ke5+} 0-1

[Event "SWE-ch Juniors 2018"]
[Site "Ronneby"]
[Date "2018.07.06"]
[Round "7"]
[White "Kucuksari, Kaan"]
[Black "Berglind, Axel"]
[Result "1-0"]
[ECO "D33"]
[WhiteElo "2296"]
[BlackElo "2096"]
[Annotator "NA"]
[PlyCount "89"]
[EventDate "2018.06.30"]
[EventType "tourn"]
[EventCountry "SWE"]
[SourceTitle "playchess.com"]
[Source "ChessBase"]
[SourceQuality "1"]
[TimeControl "40/5400+30:1800+30"]

1. d4 d5 2. Nf3 Nf6 3. c4 e6 4. g3 c5 5. cxd5 exd5 6. Nc3 Nc6 7. Bg2 h6 8. O-O Be7 9. Be3 cxd4 10. Nxd4 O-O 11. Rc1 Be6 {[%emt 0:09:15] D34: Tarrasch Defence: 6 g3 Nf6 7 Bg2 Be7} 12. Qa4 Qd7 13. Nxe6 fxe6 {[%emt 0:00:50] [#]} 14. Bh3 $146 ({Predecessor:} 14. Rfd1 Bd6 15. Bh3 Qf7 16. Nb5 Rfd8 17. Rc2 e5 18. Nxd6 Rxd6 19. Bc5 {½-½ (72) Delchev,A (2603)-Bolado Saez,S (2263) Albacete 2004}) 14... a6 15. Bb6 Bd6 (15... Bd8 $11 16. Be3 Qf7) 16. Rfd1 (16. e4 $16 Qf7 17. Qb3) 16... Qf7 17. e4 Nd7 18. Be3 d4 $1 19. Bxd4 b5 $1 ({Much weaker is} 19... Bc5 20. Bxc5 Nxc5 21. Qc2 $16) 20. Qc2 Nxd4 21. Rxd4 Bc5 22. Rd2 Rac8 23. Rf1 Ne5 24. Kh1 Nf3 25. Rd3 Qh5 (25... Ne5 $11) 26. Bxe6+ Kh8 27. h3 Nd4 {[%emt 0:00:04] [#]} 28. Rxd4 $1 Bxd4 29. Bg4 Qf7 30. Bxc8 Qf3+ 31. Kh2 Rxc8 32. Qd1 Qf6 33. Nd5 Qe5 34. Nf4 Rc6 35. b3 g5 $18 36. Ne2 Bb6 37. Qd3 Rd6 38. Qc2 Qc5 39. Qb2+ Kg8 40. Ng1 Rd4 41. Rc1 Qd6 42. Rc8+ Kf7 43. Nf3 Rxe4 44. Qh8 Kg6 45. Qg8+ 1-0

[Event "SWE-ch Juniors 2018"]
[Site "Ronneby"]
[Date "2018.07.06"]
[Round "7"]
[White "Storme, Isak"]
[Black "Pantzar, Milton"]
[Result "1/2-1/2"]
[ECO "C16"]
[WhiteElo "2277"]
[BlackElo "2333"]
[Annotator "NA"]
[PlyCount "93"]
[EventDate "2018.06.30"]
[EventType "tourn"]
[EventCountry "SWE"]
[SourceTitle "playchess.com"]
[Source "ChessBase"]
[SourceQuality "1"]
[TimeControl "40/5400+30:1800+30"]

1. e4 e6 2. d4 d5 3. Nc3 Bb4 4. e5 b6 5. Qg4 Bf8 6. Nf3 Qd7 {[%emt 0:05:39] LiveBook: 83 Games} 7. Be2 Ne7 {[%emt 0:09:28] C16: French: 3 Nc3 Bb4 4 e5: Lines without ...c5} (7... Nc6 8. Nd1 Bb7 9. c3 O-O-O 10. b4 f6 11. h4 fxe5 12. b5 Na5 13. Nxe5 Qe8 14. Qh5 g6 15. Qf3 {1-0 (34) Bartel,M (2631)-Hasenohr,B (2317) Biel 2015}) 8. O-O Ba6 9. a4 Bxe2 10. Nxe2 Nf5 $146 ({Predecessor:} 10... Nbc6 11. Ng3 h6 12. Bd2 Nf5 13. a5 b5 14. a6 g6 15. c3 {1-0 (51) Paragua,M (2522)-Praveen Kumar,C (2338) Chennai 2012}) 11. a5 b5 12. Ng3 g6 13. Bg5 Bg7 14. Nxf5 exf5 15. Qh4 h6 16. Bf6 O-O 17. Rfe1 Qe6 18. Bg5 h5 19. Bf6 Re8 20. Bxg7 Kxg7 21. Qf6+ Kg8 22. Ng5 $2 (22. Qxe6 $16 Rxe6 23. Ng5) 22... Qxf6 23. exf6 Nd7 24. Re7 Rxe7 25. fxe7 Re8 26. Re1 Nb8 27. Nf3 Nc6 28. Re3 Rxe7 29. Rxe7 Nxe7 30. b4 f6 31. Ne1 Kf7 32. Nd3 Nc6 33. c3 Nd8 34. Nf4 c6 35. f3 Kg7 36. Kf2 Kh6 $15 37. h4 g5 38. Nd3 Kg6 39. hxg5 fxg5 40. Ne5+ Kf6 41. f4 gxf4 42. a6 Kg5 43. Kf3 h4 44. Kf2 Kf6 45. Kf3 Kg5 46. Kf2 Kf6 47. Kf3 {[%emt 0:00:06] Kxe5 Ke4+} 1/2-1/2

[Event "SWE-ch Juniors 2018"]
[Site "Ronneby"]
[Date "2018.07.06"]
[Round "7"]
[White "Sorensen, Hampus"]
[Black "Crevatin, Leo"]
[Result "1-0"]
[ECO "A06"]
[WhiteElo "2204"]
[BlackElo "2224"]
[Annotator "NA"]
[PlyCount "131"]
[EventDate "2018.06.30"]
[EventType "tourn"]
[EventCountry "SWE"]
[SourceTitle "playchess.com"]
[Source "ChessBase"]
[SourceQuality "1"]
[TimeControl "40/5400+30:1800+30"]

1. Nf3 d5 2. c4 e6 3. b3 Nf6 4. g3 Nbd7 5. Bb2 b6 6. Bg2 Bb7 7. O-O Be7 8. cxd5 exd5 9. d4 O-O 10. Nc3 {[%emt 0:02:49] LiveBook: 122 Games} Ne4 11. Qc2 Nxc3 12. Qxc3 Re8 $146 {[%emt 0:03:52] E17: Queen's Indian: 4 g3 Bb7 5 Bg2 Be7} ({Predecessor:} 12... Bd6 13. Rac1 Nf6 14. Ne5 Qe8 15. Nc4 Ne4 16. Bxe4 Qxe4 17. Nxd6 cxd6 18. Rfe1 Rfe8 19. Ba3 Ba6 20. Qd2 {0-1 (41) Behling,H (2264)-Ellis,L (2340) ICCF email 2016}) 13. e3 a5 14. Rfd1 Bd6 15. Qc2 Qe7 16. Rac1 Rac8 17. Qb1 c6 18. Re1 g6 19. Nd2 Bb4 20. Bc3 Nf6 21. Bxb4 Qxb4 22. Qb2 Qd6 23. Rcd1 Rc7 24. e4 Rce7 (24... Nxe4 $11 25. Nxe4 dxe4) 25. e5 Qd8 26. Qb1 Nd7 27. f4 f6 28. exf6 Nxf6 29. Nf3 Ng4 30. Ne5 Nxe5 31. dxe5 c5 32. a4 Qd7 33. h4 Rd8 34. Kh2 b5 35. Qa2 b4 36. Qc2 Qc7 37. f5 gxf5 $11 38. Qxf5 Rf8 39. Qc2 Ref7 40. Rf1 Rxf1 41. Rxf1 Rxf1 42. Bxf1 c4 43. bxc4 Qxe5 44. Bg2 Qc7 45. c5 Bc6 46. Qd1 Qd7 47. Qb3 Qe6 48. Qd3 Qd7 49. Qe3 Kf8 50. Bh3 Qc7 51. Qh6+ Ke8 52. Qe6+ Kf8 53. Qf6+ Ke8 54. Qh8+ Ke7 55. Qxh7+ Kd8 56. Qg8+ Ke7 57. Qg5+ Ke8 58. h5 b3 59. Qg6+ Kd8 60. h6 Be8 61. Qf6+ Qe7 62. Qb6+ Qc7 63. Qxc7+ Kxc7 64. h7 b2 65. Bf5 b1=B 66. Bxb1 1-0

[Event "SWE-ch Juniors 2018"]
[Site "Ronneby"]
[Date "2018.07.06"]
[Round "7"]
[White "Emmoth, Alfons"]
[Black "Carlsson, Ludvig"]
[Result "1/2-1/2"]
[ECO "D86"]
[WhiteElo "2176"]
[BlackElo "2169"]
[Annotator "NA"]
[PlyCount "80"]
[EventDate "2018.06.30"]
[EventType "tourn"]
[EventCountry "SWE"]
[SourceTitle "playchess.com"]
[Source "ChessBase"]
[SourceQuality "1"]
[TimeControl "40/5400+30:1800+30"]

1. d4 Nf6 2. c4 g6 3. Nc3 d5 4. cxd5 Nxd5 5. e4 Nxc3 6. bxc3 Bg7 7. Bc4 O-O 8. Ne2 Nc6 9. O-O b6 10. Be3 Bb7 11. Qd2 Qd6 12. Rad1 {[%emt 0:06:09] D86: Exchange Grünfeld: Classical Line (7 Bc4)} Na5 13. Bd3 e6 (13... c5 14. Bf4 Qd7 15. Bh6 cxd4 16. Bxg7 Kxg7 17. cxd4 Rac8 18. Rc1 e6 19. h4 Nc6 {0-1 (33) Shemeakin,A (2264)-Popov,I (2647) Kaliningrad 2015}) 14. Bh6 c5 $146 ({Predecessor:} 14... f5 15. Bxg7 Kxg7 16. e5 Qe7 17. Nf4 Rac8 18. c4 Rfd8 {0-1 (40) Moberg,K (2305)-Bergstrom,M (2206) Sweden 2008}) 15. Bxg7 Kxg7 16. Qe3 cxd4 17. Qxd4+ Qxd4 18. cxd4 Rac8 19. Rc1 (19. f3 $11) 19... Rxc1 (19... Nc6 $15) 20. Rxc1 Rc8 21. Rxc8 Bxc8 22. f3 Nc6 23. Kf2 Nb4 24. Bb1 Ba6 25. Ke3 Bxe2 26. Kxe2 Kf6 27. a3 Nc6 28. Kd3 Ke7 29. Kc4 Kd6 30. e5+ Kc7 31. Be4 a6 {[%emt 0:02:06] [#]} 32. f4 $1 b5+ 33. Kc5 Nb8 34. d5 Nd7+ 35. Kd4 Kb6 {[%emt 0:01:56] [#]} (35... exd5 $16 36. Bxd5 f6) 36. d6 $16 (36. g4 $1 $18 {ist der präzise Gewinnweg.}) 36... a5 37. g4 Nb8 38. Bb1 Nc6+ 39. Ke4 Kc5 40. Ba2 Nd8 1/2-1/2

[Event "SWE-ch Juniors 2018"]
[Site "Ronneby"]
[Date "2018.07.06"]
[Round "7"]
[White "Forsberg, Andre"]
[Black "Sundin, Emanuel"]
[Result "0-1"]
[ECO "B34"]
[WhiteElo "2025"]
[BlackElo "2152"]
[Annotator "NA"]
[PlyCount "110"]
[EventDate "2018.06.30"]
[EventType "tourn"]
[EventCountry "SWE"]
[SourceTitle "playchess.com"]
[Source "ChessBase"]
[SourceQuality "1"]
[TimeControl "40/5400+30:1800+30"]

1. e4 c5 2. Nf3 Nc6 3. d4 cxd4 4. Nxd4 g6 5. Nc3 Bg7 6. Be3 Nf6 7. Nxc6 bxc6 8. e5 Ng8 9. Bd4 Qa5 10. Bc4 {[%emt 0:00:32] B34: Sicilian: Accelerated Dragon with 5 Nc3: sidelines} (10. f4 Rb8 11. Bc4 Rxb2 12. O-O c5 13. Bxf7+ Kxf7 14. e6+ dxe6 15. Be5 Bxe5 16. fxe5+ Kg7 17. Ne4 Nh6 {0-1 (26) Kislinsky,A (2479)-Vorobiov,E (2585) Pardubice 2017}) 10... Bxe5 11. O-O Nf6 12. Re1 d6 {[%emt 0:08:37] LiveBook: 5 Games} 13. f4 $2 {[%emt 0:13:56] [#]} ({Better is} 13. Bxe5 $11 dxe5 14. Qe2) 13... Bxd4+ $1 14. Qxd4 Qb6 15. Rad1 d5 16. Bb3 Bg4 $146 ({Predecessor:} 16... e6 17. Ba4 Bd7 {0-1 (41) Arni,J (2268)-El Debs,F (2318) Santos 2004}) 17. Ba4 Bd7 18. Kh1 Qxd4 19. Rxd4 e6 20. b4 O-O $19 21. Bb3 a5 22. a3 Rfb8 23. Na4 axb4 24. axb4 Bc8 25. Nc5 Nd7 26. Nxd7 Bxd7 27. g3 Ra7 28. g4 Rab7 29. f5 exf5 30. gxf5 Bxf5 31. c3 Be4+ 32. Rexe4 dxe4 33. Rxe4 c5 34. Bd5 Rd7 35. Bc6 Rd1+ 36. Kg2 cxb4 37. cxb4 Kg7 38. b5 Rb1 39. Re5 Rb6 40. Rd5 Rc1 41. Be8 Rc8 42. Bc6 Rcxc6 43. bxc6 Rxc6 44. Rd7 g5 45. Kg3 Kg6 46. Kg2 f5 47. Rd8 f4 48. Rg8+ Kh5 49. Rg7 h6 50. Rd7 Rc2+ 51. Kg1 Kg4 52. Rd3 h5 53. Rd5 Re2 54. Rc5 Kf3 55. h3 g4 0-1

[Event "SWE-ch Juniors 2018"]
[Site "Ronneby"]
[Date "2018.07.07"]
[Round "8"]
[White "Pantzar, Milton"]
[Black "Berglind, Axel"]
[Result "1-0"]
[ECO "A35"]
[WhiteElo "2333"]
[BlackElo "2096"]
[Annotator "NA"]
[PlyCount "59"]
[EventDate "2018.06.30"]
[EventType "tourn"]
[EventCountry "SWE"]
[SourceTitle "playchess.com"]
[Source "ChessBase"]
[SourceQuality "1"]
[TimeControl "40/5400+30:1800+30"]

1. c4 Nf6 2. Nc3 c5 3. Nf3 Nc6 4. d4 cxd4 5. Nxd4 e5 6. Ndb5 Bc5 {[%emt 0:01:27] A31: Symmetrical English: 2 Nf3 Nf6 3 d4} (6... d6 7. e4 a6 8. Na3 Be7 9. Nc2 O-O 10. Be2 Be6 11. O-O Rc8 12. b3 b5 13. cxb5 axb5 14. Bf3 Qd7 15. Be3 Bd8 16. Nxb5 Ne7 17. Nxd6 Rxc2 18. Qxc2 Qxd6 19. Rfd1 Qa6 20. b4 {1-0 (61) Eljanov,P (2720)-Christiansen,J (2462) Antalya 2017}) 7. Nd6+ Kf8 $146 ({Predecessor:} 7... Bxd6 8. Qxd6 Qe7 9. Qxe7+ Nxe7 10. Bg5 O-O 11. g3 Nf5 12. Bxf6 gxf6 {1-0 (56) Janiszewski,M (2003)-Suliborski,J (2092) Krakow 2016}) 8. e3 g6 9. a3 Kg7 10. b4 Bxd6 11. Qxd6 Qe7 12. Qd2 d6 13. Bb2 Be6 14. Be2 Rad8 15. Nd5 Bxd5 16. cxd5 Nb8 17. Rc1 Rc8 18. O-O Nbd7 19. f4 Ne4 20. Qd3 f5 21. Bf3 Nef6 22. Qb5 e4 $2 ({Black should play} 22... exf4 $14 23. exf4 Qe3+ 24. Kh1 Rxc1 25. Bxc1 (25. Rxc1 Kf7 $11) (25. Qxd7+ $2 Kh6 $19) 25... Qb6) 23. Be2 Nb6 {[%emt 0:00:14] [#]} (23... Kf7 {kämpft weiter.} 24. Qxb7 Nb6) 24. g4 $1 fxg4 25. Bxg4 Rxc1 26. Rxc1 Rf8 27. Be6 Kh6 28. Qf1 Nh5 29. Qg2 Qh4 $18 30. Qxe4 1-0

[Event "SWE-ch Juniors 2018"]
[Site "Ronneby"]
[Date "2018.07.07"]
[Round "8"]
[White "Storme, Isak"]
[Black "Sorensen, Hampus"]
[Result "1/2-1/2"]
[ECO "E53"]
[WhiteElo "2277"]
[BlackElo "2204"]
[Annotator "NA"]
[PlyCount "58"]
[EventDate "2018.06.30"]
[EventType "tourn"]
[EventCountry "SWE"]
[SourceTitle "playchess.com"]
[Source "ChessBase"]
[SourceQuality "1"]
[TimeControl "40/5400+30:1800+30"]

1. d4 d5 2. c4 e6 3. Nc3 Bb4 4. e3 Nf6 5. Nf3 O-O 6. Bd3 c5 7. O-O cxd4 8. exd4 dxc4 9. Bxc4 Nc6 10. Bg5 h6 11. Bh4 Be7 12. Re1 a6 13. Bb3 Nh5 14. Bxe7 Nxe7 15. d5 Nxd5 16. Nxd5 exd5 17. Qxd5 Qxd5 18. Bxd5 Nf4 $11 19. Be4 Rb8 20. g3 Ne6 21. Rad1 Nc5 22. Bd5 Be6 23. Bxe6 Nxe6 24. Nd4 Nxd4 25. Rxd4 Rfd8 26. Red1 Rxd4 27. Rxd4 Rc8 28. Rd7 b5 29. Rd6 Rc2 1/2-1/2

[Event "SWE-ch Juniors 2018"]
[Site "Ronneby"]
[Date "2018.07.07"]
[Round "8"]
[White "Crevatin, Leo"]
[Black "Forsberg, Andre"]
[Result "1-0"]
[ECO "E38"]
[WhiteElo "2224"]
[BlackElo "2025"]
[Annotator "NA"]
[PlyCount "39"]
[EventDate "2018.06.30"]
[EventType "tourn"]
[EventCountry "SWE"]
[SourceTitle "playchess.com"]
[Source "ChessBase"]
[SourceQuality "1"]
[TimeControl "40/5400+30:1800+30"]

1. d4 Nf6 2. c4 e6 3. Nc3 Bb4 4. Qc2 c5 5. dxc5 Bxc5 6. Bf4 Nc6 7. e3 Nh5 8. Bg3 Nxg3 9. hxg3 h6 10. Nf3 b6 11. a3 Bb7 12. Bd3 Rc8 13. Rd1 Ne7 14. O-O O-O 15. b4 Bd6 16. Bh7+ Kh8 17. Rxd6 f5 18. Ne5 Ba8 19. Rxd7 Qe8 20. Rxe7 1-0

[Event "SWE-ch Juniors 2018"]
[Site "Ronneby"]
[Date "2018.07.07"]
[Round "8"]
[White "Carlsson, Ludvig"]
[Black "Kucuksari, Kaan"]
[Result "0-1"]
[ECO "A01"]
[WhiteElo "2169"]
[BlackElo "2296"]
[Annotator "NA"]
[PlyCount "188"]
[EventDate "2018.06.30"]
[EventType "tourn"]
[EventCountry "SWE"]
[SourceTitle "playchess.com"]
[Source "ChessBase"]
[SourceQuality "1"]
[TimeControl "40/5400+30:1800+30"]

1. b3 Nf6 2. Bb2 e6 3. Nf3 b6 4. g3 Bb7 5. Bg2 Be7 6. O-O O-O 7. d3 d6 8. c4 c5 9. Nbd2 Nc6 {[%emt 0:04:12] A30: Symmetrical English: Double Fianchetto and Hedgehog} 10. a3 Nd7 (10... a6 11. Qc2 Rc8 12. Bc3 d5 13. e3 b5 14. Rfd1 Qb6 15. Rac1 Rfd8 16. Bb2 {½-½ (140) Bacallao Alonso,Y (2526)-Alvarez Pedraza,A (2482) Santa Clara 2014}) 11. e3 $146 ({Predecessor:} 11. Qc2 a6 12. Rab1 Rc8 13. Ba1 d5 14. e3 f5 15. Qa2 Kh8 16. d4 Bf6 17. dxc5 bxc5 {1-0 (45) Calle Soto,M (2122)-Esplana,C (2338) Lima 2002}) 11... f5 12. b4 Bf6 13. Bxf6 Nxf6 14. b5 Ne5 15. Nxe5 Bxg2 16. Nf7 Rxf7 17. Kxg2 d5 18. Nf3 Qd6 19. Qb3 Ng4 20. h3 Ne5 21. Nxe5 Qxe5 22. cxd5 exd5 23. d4 cxd4 24. exd4 Qxd4 25. Rfd1 Qc4 26. Qxc4 dxc4 27. Rac1 $15 Rc8 28. Kf3 c3 29. Rd6 Rfc7 30. Kf4 Rc4+ 31. Kxf5 R4c5+ 32. Ke6 Rxb5 33. Rxc3 Re8+ 34. Kd7 Rbe5 35. Rdd3 Rf8 36. Rc8 Ref5 37. Rxf8+ Kxf8 38. f4 Kf7 39. Kc7 Ra5 40. g4 h5 41. Rd7+ Kf6 42. Rd6+ Kf7 43. Rd7+ Kg6 44. Rd6+ Kh7 45. Rd3 Ra4 46. Kb7 b5 47. Rd5 hxg4 48. Rxb5 g3 49. Rb3 g2 50. Rg3 Rxa3 51. Rxg2 a5 52. Kc6 Rxh3 53. Kd5 Rh5+ 54. Ke4 a4 55. Ra2 Ra5 56. Ra3 Kg6 57. Rg3+ Kf6 58. Ra3 Ke6 59. Kd4 Ra8 60. Ke4 Ra7 61. Kf3 Kd5 62. Kg4 Kc4 63. Kg5 Kb4 64. Ra1 a3 65. Kg6 a2 66. f5 Kc4 67. Rc1+ Kd4 68. Ra1 Ke4 69. Re1+ Kf4 70. Rf1+ Kg4 71. Rg1+ Kf3 72. Rf1+ Ke4 73. Re1+ Kd5 74. Rd1+ Ke5 75. Re1+ Kd6 76. Rd1+ Kc5 77. Rc1+ Kd6 78. Rd1+ Ke7 79. Re1+ Kf8 80. Ra1 Ra4 81. Kh5 Ke7 82. Kg6 Kf8 83. Kh5 Ke7 84. Kg6 Rg4+ 85. Kh5 Rg2 86. Kh4 Kf6 87. Kh3 Rb2 88. Kg4 Rb4+ 89. Kh5 Ra4 90. Rf1 a1=Q 91. Rf4 Qh1+ 92. Kg4 Qg2+ 93. Kh4 Rxf4+ 94. Kh5 Qh3# 0-1

[Event "SWE-ch Juniors 2018"]
[Site "Ronneby"]
[Date "2018.07.08"]
[Round "9"]
[White "Kucuksari, Kaan"]
[Black "Sundin, Emanuel"]
[Result "1-0"]
[ECO "E06"]
[WhiteElo "2296"]
[BlackElo "2152"]
[Annotator "NA"]
[PlyCount "43"]
[EventDate "2018.06.30"]
[EventType "tourn"]
[EventCountry "SWE"]
[SourceTitle "playchess.com"]
[Source "ChessBase"]
[SourceQuality "1"]
[TimeControl "40/5400+30:1800+30"]

1. d4 d5 2. Nf3 Nf6 3. c4 e6 4. g3 Be7 5. Bg2 O-O 6. O-O dxc4 7. Ne5 {[%emt 0:00:02] LiveBook: 1167 Partien} Qd6 8. Na3 {[%emt 0:05:39] E05: Open Catalan: 5 Nf3 Be7} Rd8 9. Nb5 (9. Naxc4 Qa6 10. Qc2 Rxd4 11. Bg5 Nbd7 12. Rfd1 Rxd1+ 13. Rxd1 Nxe5 14. Nxe5 Qa5 15. Bf4 Nd5 {½-½ (54) Kramnik,V (2800)-Mamedyarov,S (2809) Berlin 2018}) 9... Qb6 10. a4 Ne8 $146 ({Predecessor:} 10... c6 $1 $11 {keeps the balance.} 11. Nxc4 Qa6 12. Nba3 Bxa3 13. Nxa3 e5 14. e3 Be6 15. b4 Qb6 {0-1 (37) Palatnik,S (2490)-Kuzmin,G (2535) Kiev (Ukraine) 1978}) 11. Nxc4 Qa6 12. Qb3 Nc6 13. Rd1 Na5 14. Nxa5 Qxa5 15. Bd2 Qa6 16. Bb4 Bd6 17. Nxd6 cxd6 18. e3 Bd7 19. Bf1 Qc6 20. d5 $16 exd5 21. Rdc1 Qb6 22. a5 1-0